 Dungeon Crawl Stone Soup version 0.30.0 (webtiles) character file.

Game seed: 16848552330163541340

8 Exaltedone87 the Cudgeller (level 2, -1/22 HPs)
             Began as a Demonspawn Gladiator on May 6, 2023.
             Slain by a quokka (3 damage)
             ... on level 1 of the Dungeon.
             The game lasted 00:00:27 (141 turns).

Exaltedone87 the Cudgeller (Demonspawn Gladiator)    Turns: 141, Time: 00:00:27

Health: -1/22      AC:  4    Str: 14    XL:     2   Next: 0%
Magic:  2/2        EV: 12    Int:  9    God:
Gold:   20         SH:  0    Dex: 14    Spells: 1/1 levels left

rFire   . . .        a - +0 flail
rCold   . . .        (no shield)
rNeg    . . .        b - +0 leather armour
rPois   .            c - +0 helmet
rElec   .            (no cloak)
rCorr   .            (no gloves)
SInv    .            (no boots)
Will    .....        (no amulet)
Stlth   +            (no ring)
HPRegen 0.23/turn    (no ring)
MPRegen 0.08/turn

%: no passive effects
@: no status effects
A: powered by death 1
a: no special abilities


You were on level 1 of the Dungeon.
You visited 1 branch of the dungeon, and saw 1 of its levels.

You collected 20 gold pieces.

Inventory:

Hand Weapons
 a - a +0 flail (weapon)
Missiles
 d - 3 throwing nets (quivered)
 e - a javelin
Armour
 b - a +0 leather armour (worn)
 c - a +0 helmet (worn)
Potions
 f - a potion of curing {unknown}
 g - 2 potions of mutation {unknown}


   Skills:
 + Level 2.2 Fighting
 * Level 3.0 Maces & Flails
 - Level 1.7 Throwing
 + Level 2.8 Dodging


You had one spell level left.
You didn't know any spells.
Your spell library was empty.

Dungeon Overview and Level Annotations

Branches:
Dungeon (1/15)

Altars:


Innate Abilities, Weirdness & Mutations

You regenerate a little health from kills.


Message History

The quokka closely misses you.
You barely miss the quokka.
The quokka is almost dead.
The quokka bites you. The frilled lizard bites you.
The quokka bites you but does no damage.
You hit the quokka but do no damage.
The quokka is almost dead.
The hobgoblin hits you. The quokka bites you.
* * * LOW HITPOINT WARNING * * *
The frilled lizard closely misses you. The hobgoblin barely misses you.
The quokka closely misses you. The frilled lizard barely misses you.
You barely miss the quokka.
The quokka is almost dead.
The quokka bites you but does no damage.
The frilled lizard bites you but does no damage.
The hobgoblin hits you but does no damage.
You closely miss the quokka.
The quokka is almost dead.
The quokka closely misses you. The frilled lizard closely misses you.
The hobgoblin misses you.
The quokka bites you but does no damage.
You hit the quokka but do no damage.
The quokka is almost dead.
The hobgoblin barely misses you. The frilled lizard closely misses you.
The quokka bites you.
* * * LOW HITPOINT WARNING * * *
The hobgoblin closely misses you. The frilled lizard barely misses you.
You closely miss the quokka.
The quokka is almost dead.
The quokka bites you.
* * * LOW HITPOINT WARNING * * *
The frilled lizard barely misses you. The quokka bites you.
* * * LOW HITPOINT WARNING * * *
The hobgoblin closely misses you. The quokka attacks as you move away!
The quokka misses you.
The frilled lizard unfolds its giant frill.
You barely miss the quokka.
The quokka is almost dead.
The quokka bites you.
You die...

..............>....#
......###..........# ......
#..........# ######
#.†........# #..........#
##g........# #lJ.......# #
###r........# #
##.@.........# ##
##...........## .####
##............# ....#
##...#.........#.#
.##.#######...##.....†.....#
#+..##.......# #..........##
#...#......_≈# #.............
..#..........###..........#..
.###...####...##.†........#


You could see an endoplasm, a quokka, a hobgoblin and a frilled lizard.

Vanquished Creatures
  A bat (D:1)
  2 endoplasms (D:1)
  2 hobgoblins (D:1)
  A frilled lizard (D:1)
  A rat (D:1)
7 creatures vanquished.

Notes
Turn   | Place    | Note
-------+----------+-------------------------------------------
     0 | D:1      | Exaltedone87 the Demonspawn Gladiator began the quest for
                  | the Orb.
     0 | D:1      | Reached XP level 1. HP: 16/16 MP: 1/1
    17 | D:1      | Found a faded altar of an unknown god.
   129 | D:1      | Reached skill level 3 in Maces & Flails
   129 | D:1      | Gained mutation: You regenerate a little health from kills.
                  | [demonic ancestry]
   129 | D:1      | Reached XP level 2. HP: 10/22 MP: 2/2
   137 | D:1      | HP: 1/22 [quokka (1)]
   141 | D:1      | Slain by a quokka

Illustrated notes

Levels and vault maps discovered:
D:1:      lemuel_arrival_rhombus, layout_basic,
          hellmonk_ecumenical_altar_crossroads

Skill      XL: |  1 |
---------------+----+-----
Maces & Flails | 3 |  3.0
Fighting       | |  2.2
Throwing       | |  1.7
Dodging        | |  2.8

Action                     || total
---------------------------++-------
  Melee: Flail             ||    30
 Armour: Leather armour    ||    19
  Dodge: Dodged            ||    48
